 Dungeon Crawl Stone Soup version 0.31-a0-267-g3fc6992b3b (webtiles) character file.

Game seed: 11578943124685380629

189 British0li the Sneak (level 5, 0/63 HPs)
             Began as a Demonspawn Delver on July 14, 2023.
             Slain by an endoplasm (1 damage)
             ... on level 4 of the Dungeon.
             The game lasted 00:03:28 (2877 turns).

British0li the Sneak (Demonspawn Delver)            Turns: 2877, Time: 00:03:28

Health: 0/63       AC: 10    Str: 14    XL:     5   Next: 40%
Magic:  5/5        EV:  2    Int: 12    God:
Gold:   152        SH:  0    Dex: 14    Spells: 4/4 levels left

rFire   . . .        a - +0 falchion
rCold   . . .        (no shield)
rNeg    . . .        s - melded +0 ring mail {rF+}
rPois   +            (helmet currently unavailable)
rElec   .            (cloak currently unavailable)
rCorr   .            (gloves currently unavailable)
SInv    .            (boots currently unavailable)
Will    .....        (no amulet)
Stlth   +++          r - +4 ring of protection
HPRegen 0.30/turn    (no ring)
MPRegen 0.09/turn

%: no passive effects
@: tree-form, corroded
A: stationary, stasis, torment immunity, boosted hp, (antennae 1)
a: no special abilities


You were on level 4 of the Dungeon.
You were a tree.
You visited 1 branch of the dungeon, and saw 5 of its levels.

You collected 152 gold pieces.

Inventory:

Hand Weapons
 a - a +0 falchion (weapon)
Armour
 s - a +0 ring mail of fire resistance (melded)
Magical Staves
 j - the staff "Arcanum" {rN+ rCorr Dex+2 Necro Poison}
   (You found it on level 2 of the Dungeon)

   [staff of death]

   Base accuracy: +5 Base damage: 5 Base attack delay: 1.2 This weapon's minimum
   attack delay (0.6) is reached at skill level 12.
   Dex:       It affects your dexterity (+2).
   rN:        It protects you from negative energy.
   rCorr:     It protects you from acid and corrosion.
   Necro:     It increases the power of your Necromancy spells.
   Poison:    It increases the power of your Poison spells.
   It falls into the 'Staves' category.
   It is a one-handed weapon.
Jewellery
 r - a +4 ring of protection (left branch)
Wands
 g - a wand of digging (3)
Scrolls
 c - 4 scrolls of fog
 d - a scroll of revelation
 e - a scroll of fear
 h - 6 scrolls of identify {unknown}
 i - a scroll of amnesia {unknown}
 o - 2 scrolls of teleportation {unknown}
 p - a scroll of acquirement {unknown}
 q - 2 scrolls of poison {unknown}
Potions
 b - a potion of might {unknown}
 f - a potion of haste
 k - a potion of curing {unknown}
 l - a potion of magic {unknown}
 m - a potion of berserk rage {unknown}
 n - a potion of lignification


   Skills:
 + Level 3.8 Fighting
 * Level 3.2 Long Blades
 + Level 1.0 Staves
 + Level 1.2 Armour
 + Level 2.7 Dodging
 - Level 4.8 Stealth


You had 4 spell levels left.
You didn't know any spells.
Your spell library was empty.

Dungeon Overview and Level Annotations

Branches:
Dungeon (5/15)
 Temple: D:4-7

Altars:

Shops:
D:2 :


Innate Abilities, Weirdness & Mutations

You are a tree.
Your roots penetrate the ground, keeping you stationary.
You cannot be teleported.
You are immune to unholy pain and torment.
Your maximum health is greatly increased.
Your equipment is partially melded.
((You have a pair of small antennae on your head.))


Message History

The endoplasm barely misses you.
The jelly quivers.
You hit the jelly. The acid corrodes you!
Your hands burn!
The jelly is moderately wounded.
The jelly hits you but does no damage. The endoplasm freezes you.
You are frozen.
You hit the jelly.
Your hands burn!
The jelly is heavily wounded.
The jelly closely misses you. The endoplasm barely misses you.
You hit the jelly. The acid corrodes you!
Your hands burn!
The jelly is heavily wounded.
The jelly hits you.
You are splashed with acid!
The endoplasm hits you.
You are too injured to fight recklessly!
You are too injured to fight recklessly!
You are too injured to fight recklessly!
You hit the jelly but do no damage.
Your hands burn!
The jelly is heavily wounded.
The jelly hits you. The acid corrodes you!
You are splashed with acid!
* * * LOW HITPOINT WARNING * * *
The endoplasm completely misses you.
You hit the jelly.
Your hands burn!
* * * LOW HITPOINT WARNING * * *
The jelly is severely wounded.
The jelly misses you. The endoplasm completely misses you.
It was a potion of lignification.
You turn into a tree.
Your +0 ring mail of fire resistance melds into your body.
You feel less resistant to fire.
Your roots penetrate the ground.
The jelly hits you but does no damage.
The endoplasm hits you but does no damage.
You hit the jelly but do no damage. The acid corrodes you!
Your branches burn!
* * * LOW HITPOINT WARNING * * *
The jelly is heavily wounded.
The jelly hits you but does no damage. The endoplasm freezes you.
You are frozen.
* * * LOW HITPOINT WARNING * * *
The endoplasm jiggles.
The endoplasm hits you.
You die...

.. #. ##.##
##...##
##.....##
###[......###.#
......#.J.J...#
#......♣##..#
##.....###..#
##...## #..#
##.## #..# #.#
#..#
###.#####..# .
#..........##
.#
##.#.####....#
###.#####....#
##.#.#


You could see a jelly and an endoplasm.

Vanquished Creatures
  A hound (D:4)
  An iguana (D:4)
  6 adders
  A worm (D:3)
  3 dart slugs
  6 orcs
  4 bats
  8 endoplasms
  5 hobgoblins
  3 jackals (D:1)
  5 kobolds
  4 quokkas
  2 ball pythons (D:2)
  6 frilled lizards
  6 goblins
  7 rats
68 creatures vanquished.

Notes
Turn   | Place    | Note
-------+----------+-------------------------------------------
     0 | D:5      | British0li the Demonspawn Delver began the quest for the
                  | Orb.
     0 | D:5      | Reached XP level 1. HP: 18/18 MP: 1/1
    62 | D:5      | Discovered your monstrous ancestry.
    62 | D:5      | Gained mutation: You have a pair of small antennae on your
                  | head. [demonic ancestry]
    62 | D:5      | Reached XP level 2. HP: 6/24 MP: 2/2
    67 | D:5      | HP: 1/24 [poisoned by an adder]
   205 | D:4      | Reached XP level 3. HP: 8/29 MP: 3/3
   466 | D:3      | Found a faded altar of an unknown god.
   738 | D:2      | Identified the staff "Arcanum" {rN+ rCorr Dex+2 Necro
                  | Poison}
   802 | D:1      | Reached XP level 4. HP: 31/35 MP: 4/4
  2092 | D:2      | Reached skill level 1 in Armour
  2201 | D:2      | Found Azitops's Book Emporium.
  2271 | D:3      | Reached XP level 5. HP: 41/42 MP: 5/5
  2768 | D:4      | Reached skill level 1 in Staves
  2875 | D:4      | HP: 2/42 [acid (4)]
  2877 | D:4      | Slain by an endoplasm

Illustrated notes

Levels and vault maps discovered:
D:1:      minmay_arrival_arboretum_small, layout_loops_corners,
          minmay_tromino_i2
D:2:      layout_rooms, serial_shops, nicolae_shop_back_alley_shop,
          corexii_leaking_fountain
D:3:      layout_basic, hellmonk_ecumenical_altar_defaced_shrine
D:4:      layout_loops_ring, temple_pool_b
D:5:      layout_cave_pods, corexii_corridor_pit, chequers_serial_rivers_small_b

Skill      XL: |  1  2  3  4  5 |
---------------+----------------+-----
Long Blades    | 2 3 |  3.2
Dodging        | 2 |  2.7
Armour         | 1 |  1.2
Staves         | 1 |  1.0
Fighting       | |  3.8
Stealth        | |  4.8

Action                     |  1- 3 |  4- 6 || total
---------------------------+-------+-------++-------
  Melee: Falchion          |    83 |   184 ||   267
         Punch             |     1 |       ||     1
    Use: Potion            |       |     1 ||     1
   Stab: Sleeping          |     6 |     9 ||    15
 Armour: Leather armour    |    13 |    37 ||    50
         Ring mail         |       |    20 ||    20
         Skin              |       |     3 ||     3
  Dodge: Dodged            |    58 |   120 ||   178

Table legend: (Time is in decaauts)
 A = Elapsed time spent in this place.
 B = Non-inter-level travel time spent in this place.
 C = Inter-level travel time spent in this place.
 D = Time resting spent in this place.
 E = Time spent auto-exploring this place.
 F = Levels seen in this place.
 G = Mean time per level.
                   A        B        C        D        E       F      G
               +--------+--------+--------+--------+--------+-----+--------+
         Total |   2919 |   2848 |     71 |    366 |   1866 |   5 |  583.8 |
       Dungeon |   2919 |   2848 |     71 |    366 |   1866 |   5 |  583.8 |
               +--------+--------+--------+--------+--------+-----+--------+

Top non-repeatable levels by time:
     D:1: 924 daAuts
     D:3: 886 daAuts
     D:2: 665 daAuts
     D:4: 262 daAuts
     D:5: 181 daAuts
